 Dungeon Crawl Stone Soup version 0.30-a0-711-gf4ac18a38d (webtiles) character file.

Game seed: 4961294218735521952

126 kae the Changer (level 4, -1/32 HPs)
             Began as a Demonspawn Transmuter on Jan 22, 2023.
             Succumbed to a scorpion's poison
             ... on level 3 of the Dungeon.
             The game lasted 00:03:01 (2229 turns).

kae the Changer (Demonspawn Transmuter)             Turns: 2229, Time: 00:03:01

Health: -1/32      AC:  2    Str: 11    XL:     4   Next: 83%
Magic:  3/8        EV: 19    Int: 16    God:
Gold:   176        SH:  0    Dex: 18    Spells: 2/8 levels left

rFire   . . .      SeeInvis .      - Unarmed
rCold   . . .      Faith    .    (shield currently unavailable)
rNeg    . . .      Spirit   .    (body armour currently unavailable)
rPois   x          Reflect  .    (helmet currently unavailable)
rElec   .          Harm     .    (cloak currently unavailable)
rCorr   .          Rampage  .    (gloves currently unavailable)
Will    .....                    (boots currently unavailable)
Stlth   ++                       (no amulet)
HPRegen 0.25/turn                (no ring)
MPRegen 0.11/turn                (no ring)

@: lethally poisoned (-1 -> -32), spider-form, hasted, very quick
A: venomous fangs, tiny, (demonic touch 1)
a: End Transformation


You were on level 3 of the Dungeon.
You were a venomous arachnid creature.
You visited 1 branch of the dungeon, and saw 3 of its levels.

You collected 176 gold pieces.


Innate Abilities, Weirdness & Mutations

You are a venomous arachnid creature.
You have venomous fangs.
You are tiny and dextrous.
Your spellcasting is less reliable in this form.
Your armour is entirely melded.
You are incapable of wielding weapons or throwing items.
((Your touch may inflict minor irresistible damage on your foes.))


   Skills:
 - Level 1.0 Fighting
 - Level 1.7 Dodging
 + Level 3.3 Unarmed Combat
 + Level 2.8 Spellcasting
 * Level 3.4 Transmutations
 + Level 1.0 Poison Magic


You had 2 spell levels left.
You knew the following spells:

 Your Spells              Type           Power      Damage    Failure   Level
a - Beastly Appendage     Tmut           26%        N/A       14%         1
b - Wereblood             Tmut           13%        N/A       19%         2
c - Spider Form           Tmut/Pois      9%         N/A       43%         3

Your spell library contained the following spells:

 Spells                   Type           Power      Damage    Failure   Level
 Dazzling Flash           Conj/Hex       4%         N/A       71%         3
 Hailstorm                Conj/Ice       2%         3d3       71%         3
 Ice Form                 Ice/Tmut       7%         N/A       85%         4
 Iskenderun's Mystic Bla  Conj/Tloc      2%         2d3       96%         4
 Simulacrum               Ice/Necr       1%         N/A       100%        6
 Starburst                Conj/Fire      1%         6d3       100%        6

Inventory:

Missiles
 c - 22 stones
Armour
 a - a +0 robe (melded)
Scrolls
 e - a scroll of fear
 g - a scroll of identify {@r1}
 h - a scroll of teleportation {@r4}
 k - a scroll of fog
 m - a scroll of silence {unknown}
 o - a scroll of amnesia {unknown}
Potions
 b - a potion of lignification {!q}
 d - 2 potions of haste {@q3}
 f - a potion of magic {unknown}
 i - a potion of experience
 j - 2 potions of flight {unknown}
 l - a potion of invisibility {unknown}
 n - 2 potions of mutation {unknown}

Dungeon Overview and Level Annotations

Branches:
Dungeon (3/15) Zot: 15763

Altars:

Annotations:
D:3 3 runed translucent doors, HoaS's ghost, amateur GrHu

####...........#...)$..#.....#...
#......###..#..Jb...#.........
#......##...#########.....#...
####......##.................#...
#.........##.................#...
#.........####+#....#.##.....#†##
#.........# ##+#....#.##.....#.##
#.........# #....####..#.....#...
#.........# #...s..........#...#.
#.........+............###....##.
#...≈......##..........# ###>..#.
..##≈###≈≈.##.###......# #......†
#. #......# #....... # #......#
#....... #......# #.......
#......# #....... #.......


You could see an endoplasm and a bat.


Message History

A jackal is nearby!
You hit the jackal.
You kill the jackal!
No target in view!
Your magical contamination has completely faded away. 😎 HP[+1]
Your hp is fully restored (26).
No target in view!
No target in view!
A jackal comes into view.
The jackal barks!
Unknown command.
A jackal is nearby!
A jackal is nearby!
Casting: Beastly Appendage (safe; 5% risk of failure)
Confirm with . or Enter, or press ? or * to list all spells.
You grow a pair of large bovine horns.
Your feet morph into talons.
The jackal bites you but does no damage.
You closely miss the jackal. You claw the jackal.
Your headbutt misses the jackal. The jackal bites you. x2
You hit the jackal. Your headbutt misses the jackal.
The jackal bites you. 😕 HP[-4]
You take 4 damage, and now have 22/26 hp.
A jackal is nearby!
You hit the jackal but do no damage. The jackal closely misses you.
You closely miss the jackal.
You headbutt the jackal, but do no damage.
The jackal bites you. The jackal closely misses you. 😕 HP[-1]
You take 1 damage, and now have 21/26 hp.
A jackal is nearby!
Unknown command.
A jackal is nearby!
You hit the jackal but do no damage. Your headbutt misses the jackal.
Your touch misses the jackal. The jackal bites you.
You hit the jackal.
You kill the jackal!
Your transformation is almost over. 😕 HP[-1]
You take 1 damage, and now have 20/26 hp.
Your horns disappear.
Your talons disappear.
Key pressed, stopping explore.
You open the door.
There is an open door here.
There is an open door here.
o - a scroll labelled ZAPSEA UPRIO 😎 HP[+6] MP[+1]
Your hp is fully restored (26).
Your mp is fully restored (6).
The ball python hisses angrily.
The goblin shouts!
The endoplasm quivers.
Key pressed, stopping explore.
You now have 176 gold pieces (gained 2).
As you open the door, it creaks loudly!
There is an open door here.
HoaS's ghost turns its malevolent gaze towards you.
The endoplasm jiggles.
The goblin shouts!
Key pressed, stopping explore.
A scorpion comes into view.
A scorpion is nearby!
A scorpion is nearby!
A scorpion is nearby!
Casting: Beastly Appendage (safe; 5% risk of failure)
Confirm with . or Enter, or press ? or * to list all spells.
The spell is extremely dangerous to miscast (30% risk of failure)!
Continue anyway? [Y]es or [N]o only, please.
The spell is extremely dangerous to miscast (30% risk of failure)!
Continue anyway?
You turn into a venomous arachnid creature.
Your +0 robe melds into your body. 😎 MP[-3]
You lost 3 mp, and now have 3/6 mp.
You hit the scorpion.
The scorpion is poisoned.
The scorpion stings you.
You are lethally poisoned!
The scorpion poisons you! The scorpion stings you.
You are more poisoned.
The scorpion poisons you! 😕 HP[-4]
You take 4 damage, and now have 22/26 hp.
You hit the scorpion.
The scorpion looks as sick as possible!
* * * LOW HITPOINT WARNING * * *
You feel extremely sick.
The scorpion barely misses you. 😨 HP[-11]
You take 11 damage, and now have 11/26 hp.
MASSIVE DAMAGE!! (PAUSE)
You hit the scorpion.
You kill the scorpion!
* * * LOW HITPOINT WARNING * * *
You feel extremely sick.
Your Poison Magic skill increases to level 1!
You have reached level 4!
You feel stronger. 😱 HP[-5]
You now have 32 max hp (+6).
Okay, then.
There is a lethal amount of poison in your body!
There is a lethal amount of poison in your body!
It was a potion of haste.
You feel yourself speed up.
You die...

Skill      XL: |  1  2  3 |
---------------+----------+-----
Transmutations | 2 3 |  3.4
Unarmed Combat | 3 |  3.3
Poison Magic   | 1 |  1.0
Fighting       | |  1.0
Dodging        | |  1.7
Spellcasting   | |  2.8

Action                     |  1- 3 |  4- 6 || total
---------------------------+-------+-------++-------
  Melee: Unarmed           |   110 |       ||   110
         Kick              |    18 |       ||    18
         Touch             |    14 |       ||    14
         Headbutt          |     7 |       ||     7
         Punch             |     3 |       ||     3
   Cast: Beastly Appendage |    28 |       ||    28
         Spider Form       |     1 |       ||     1
    Use: Scroll            |    11 |       ||    11
         Potion            |       |     1 ||     1
   Stab: Sleeping          |     1 |       ||     1
 Armour: Robe              |    25 |       ||    25
  Dodge: Dodged            |    82 |       ||    82

Levels and vault maps discovered:
D:1:      minmay_arrival_jagged, layout_basic, basic_ecumenical_altar,
          minmay_tromino_v4_c
D:2:      layout_basic, serial_bayou_lagoon_b
D:3:      layout_basic, gammafunk_ghost_split, minmay_misc_feat_rows,
          chequers_serial_rivers_small_b

Notes
Turn   | Place    | Note
-------+----------+-------------------------------------------
     0 | D:1      | kae the Demonspawn Transmuter began the quest for the Orb.
     0 | D:1      | Reached XP level 1. HP: 15/15 MP: 3/3
     0 | D:1      | magus.rc [v1.11.3]
   116 | D:1      | Reached skill level 2 in Transmutations
   199 | D:1      | Gained mutation: Your touch may inflict minor irresistible
                  | damage on your foes. [demonic ancestry]
   199 | D:1      | Reached XP level 2. HP: 21/21 MP: 5/5
   237 | D:1      | You pick up a book of the Tundra and begin reading...
   237 | D:1      | You add the spells Hailstorm and Simulacrum to your
                  | library.
   518 | D:1      | Found a faded altar of an unknown god.
   581 | D:1      | Reached skill level 3 in Unarmed Combat
   816 | D:1      | Reached XP level 3. HP: 26/26 MP: 4/6
   819 | D:1      | Learned a level 2 spell: Wereblood
   823 | D:1      | Learned a level 3 spell: Spider Form
   999 | D:2      | You pick up a book of Spectacle and begin reading...
   999 | D:2      | You add the spells Dazzling Flash, Iskenderun's Mystic
                  | Blast and Starburst to your library.
  1364 | D:2      | Identified the +4 dagger of the Teaching Gods {freeze,
                  | rC++}
  1547 | D:2      | Reached skill level 3 in Transmutations
  1706 | D:3      | Identified a potion of experience
  1753 | D:3      | Found a runed translucent gate.
  1753 | D:3      | Found a runed translucent gate.
  1753 | D:3      | Found a runed translucent gate.
  1757 | D:3      | Noticed HoaS's ghost (amateur GrHu)
  2222 | D:3      | Noticed a scorpion
  2228 | D:3      | Killed a scorpion
  2228 | D:3      | HP: 4/26 [poisoned by a scorpion]
  2229 | D:3      | Reached skill level 1 in Poison Magic
  2229 | D:3      | Reached XP level 4. HP: 6/32 MP: 3/8
  2229 | D:3      | Succumbed to a scorpion's poison

Vanquished Creatures
  A scorpion (D:3)
  An adder (D:2)
  A worm (D:2)
  3 dart slugs
  6 ball pythons
  3 endoplasms
  4 giant cockroaches
  5 goblins
  4 hobgoblins
  2 jackals (D:3)
  3 kobolds
  A quokka (D:1)
  5 bats
  A frilled lizard (D:1)
  4 rats
44 creatures vanquished.

Vanquished Creatures (others)
  6 plants (D:2)
6 creatures vanquished.

Grand Total: 50 creatures vanquished

Table legend:
 A = Non-vault XP
 B = Vault XP
 C = Vault XP percentage of total XP
 D = Non-vault monster count
 E = Vault monster count
 F = Vault count percentage of total count
                 A         B        C        D         E       F
            +---------+---------+-------+---------+---------+-------
      Total |     178 |       2 |   1.1 |      43 |       1 |   2.3
            +---------+---------+-------+---------+---------+-------
        D:1 |      41 |       2 |   4.7 |      23 |       1 |   4.2
        D:2 |      39 |       0 |   0.0 |      13 |       0 |   0.0
        D:3 |      98 |       0 |   0.0 |       7 |       0 |   0.0
            +---------+---------+-------+---------+---------+-------

Illustrated notes

Table legend:
 A = Kills in this place as a percentage of kills in entire the game.
 B = Kills by you in this place as a percentage of kills by you in the entire game.
 C = Kills by friends in this place as a percentage of kills by friends in the entire game.
 D = Other kills in this place as a percentage of other kills in the entire game.
 E = Experience gained in this place as a percentage of experience gained in the entire game.
 F = Experience gained in this place divided by the number of levels of this place that you have seen.
                   A       B       C       D       E      F
               +-------+-------+-------+-------+-------+----------------------
         Total | 100.0 | 100.0 |   N/A |   N/A | 100.0 |  60.0
       Dungeon | 100.0 | 100.0 |   N/A |   N/A | 100.0 |  60.0
               +-------+-------+-------+-------+-------+----------------------

Table legend: (Time is in decaauts)
 A = Elapsed time spent in this place.
 B = Non-inter-level travel time spent in this place.
 C = Inter-level travel time spent in this place.
 D = Time resting spent in this place.
 E = Time spent auto-exploring this place.
 F = Levels seen in this place.
 G = Mean time per level.
                   A        B        C        D        E       F      G
               +--------+--------+--------+--------+--------+-----+--------+
         Total |   2236 |   2203 |     33 |     12 |   1795 |   3 |  745.3 |
       Dungeon |   2236 |   2203 |     33 |     12 |   1795 |   3 |  745.3 |
               +--------+--------+--------+--------+--------+-----+--------+

Top non-repeatable levels by time:
     D:1: 992 daAuts
     D:2: 716 daAuts
     D:3: 527 daAuts
